 Dungeon Crawl Stone Soup version 0.27.1-1-g398f81649c (webtiles) character file.

Game seed: 17491984764050612030

36 MajorAdolf the Skirmisher (level 3, -1/33 HPs)
             Began as a Naga Wanderer on Sept 21, 2021.
             Slain by an iguana (7 damage)
             ... on level 2 of the Dungeon.
             The game lasted 00:01:40 (1919 turns).

MajorAdolf the Skirmisher (Naga Wanderer)           Turns: 1919, Time: 00:01:40

Health: -1/33      AC:  6    Str: 12    XL:     3   Next: 37%
Magic:  3/3        EV:  6    Int: 12    God:
Gold:   53         SH:  0    Dex: 13    Spells: 2/2 levels left

rFire    . . .     SeeInvis +   n - +4 dagger
rCold    . . .     Faith    .   (no shield)
rNeg     . . .     Spirit   .   b - +2 scale mail
rPois    +         Reflect  .   (no helmet)
rElec    .         Harm     .   (no cloak)
rCorr    .         Rampage  .   (no gloves)
Will     .....                  (no barding)
Stlth    ..........             e - amulet of the acrobat
HPRegen  0.11/turn              (no ring)
MPRegen  0.08/turn              (no ring)

@: short of breath, very slow
A: AC +1, large, see invisible, deformed body, poison resistance, slowness 2,
spit poison 1, naga tail 1
a: Spit Poison


You were on level 2 of the Dungeon.
You visited 1 branch of the dungeon, and saw 3 of its levels.

You collected 53 gold pieces.

Inventory:

Hand Weapons
 a - a +0 shortbow
 n - a +4 dagger (weapon)
Missiles
 c - 56 arrows
Armour
 b - a +2 scale mail (worn)
Jewellery
 e - an amulet of the acrobat (around neck)
Scrolls
 f - a scroll of magic mapping {unknown}
 g - a scroll of enchant armour {unknown}
 i - a scroll of vulnerability {unknown}
 j - a scroll of acquirement {unknown}
 k - a scroll of immolation {unknown}
 l - 2 scrolls of identify {unknown}
 p - 2 scrolls of teleportation {unknown}
Potions
 d - a potion of curing {unknown}
 h - a potion of mutation {unknown}
 m - a potion of invisibility {unknown}
 o - a potion of might {unknown}
 q - a potion of degeneration {unknown}


   Skills:
 + Level 2.8 Fighting
 - Level 1.0 Axes
 - Level 2.6 Crossbows
 - Level 1.0 Throwing
 + Level 2.2 Armour
 + Level 0.6 Dodging
 - Level 1.0 Evocations


You had 2 spell levels left.
You didn't know any spells.
Your spell library contained the following spells:

 Spells                   Type           Power      Damage    Failure   Level
 Slow                     Hex            0%         N/A       95%         2
 Confusing Touch          Hex            0%         N/A       99%         3
 Vampiric Draining        Necr           0%         2d6       99%         3


Dungeon Overview and Level Annotations

Branches:
Dungeon (3/15)

Altars:
Nemelex Xobeh

Annotations:
D:2 Jessica


Innate Abilities, Weirdness & Mutations

Your serpentine skin is tough. (AC +1)
You have supernaturally acute eyesight. (SInv)
Armour fits poorly on your strangely shaped body.
Your system is resistant to poisons. (rPois)
You cover ground very slowly.
You can spit poison.
You have a snake-like lower body.


Message History

No target in view!
No target in view!
Unknown command.
You climb downwards.
Level annotation: Jessica The iguana bites you.
Jessica hits you with a +0 dagger. The iguana barely misses you.
There is a stone staircase leading up here.
Unknown command.
You have got your breath back.
Jessica hits you but does no damage. The iguana closely misses you.
You climb upwards.
There is a stone staircase leading down here.
Unknown command.
The iguana closely misses you.
Jessica looks more healthy.
Jessica casts a spell.
Jessica blinks!
Press: ? - help, Shift-Dir - straight line, f - iguana
Aim: an iguana The splash of poison hits the iguana.
The iguana is moderately wounded.
The iguana bites you!
Unknown command.
You hit the iguana.
The iguana is heavily wounded.
The iguana bites you!
* * * LOW HITPOINT WARNING * * *
You completely miss the iguana.
The iguana is heavily wounded.
The iguana bites you.
* * * LOW HITPOINT WARNING * * *
Jessica shouts, "You're disturbing me!
I'll have to kill you!"
Unknown command.
Okay, then.
Okay, then.
You hit the iguana.
The iguana is almost dead.
The iguana bites you!
You die...

###.#...............#.#
########...##.#####.#.####.#.#
..##...'.......#....#.# #.#.#
#..#.###...##..#.#..#.# #.#.#
##.#.# #...##..#.#..#.# #.#.#
#.#.# #...##..#.#..#.####.#.#
##...#####.#...#.#..#......#.##
.................l>.@.........#
###..####..#.#.#@##############
............<#.#..............#
........#..#.#.#.........###.##
........#..#.#.#.....###.# #.#
........#..#.#.#..##.###.###.#
........'.........#.......##.#
........#..#.#.##.##########.#
........#..#...#.............#
........#..###################


You could see an iguana and Jessica.

Vanquished Creatures
  3 worms (D:2)
  A dart slug (D:2)
  An orc (D:2)
  A bat (D:1)
  3 endoplasms
  A giant cockroach (D:2)
  2 goblins
  2 hobgoblins (D:1)
  2 jackals (D:2)
  2 quokkas (D:2)
  2 ball pythons
  A kobold (D:1)
21 creatures vanquished.

Notes
Turn   | Place    | Note
-------+----------+-------------------------------------------
     0 | D:1      | MajorAdolf the Naga Wanderer began the quest for the Orb.
     0 | D:1      | MajorAdolf set off with the following items: a +0 shortbow,
                  | a +2 scale mail, 23 arrows, a +0 hand axe
     0 | D:1      | Reached XP level 1. HP: 19/19 MP: 1/1
   449 | D:1      | Reached XP level 2. HP: 24/27 MP: 2/2
   974 | D:2      | Found a sparkling altar of Nemelex Xobeh.
  1169 | D:2      | Reached XP level 3. HP: 29/33 MP: 3/3
  1897 | D:3      | Noticed Jessica
  1919 | D:2      | Slain by an iguana

Illustrated notes

Levels and vault maps discovered:
D:1:      amcnicky_arrival_flooded_fountain, layout_loops_ring, minmay_bisected
D:2:      layout_basic, basic_altar, serial_glass, glass_columns_b,
          glass_columns_a
D:3:      layout_rooms, shapermc_ecumenical_altar_rom_forum, uniq_natasha,
          uniq_jessica

Skill      XL: |  1  2 |
---------------+-------+-----
Armour         | 2 |  2.2
Fighting       | |  2.8
Axes           | |  1.0
Crossbows      | |  2.6
Throwing       | |  1.0
Dodging        | |  0.6
Evocations     | |  1.0

Action                   || total
-------------------------++-------
Melee: Hand axe          ||    39
       Dagger            ||    36
 Fire: Shortbow          ||     1
 Abil: Spit Poison       ||     3
Armor: Scale mail        ||    44
Dodge: Dodged            ||    37
